 Dungeon Crawl Stone Soup version 0.30-a0-39-g42789b21ef (webtiles) character file.

Game seed: 9553393272835597952

62 BritishOli the Trooper (level 3, -2/29 HPs)
             Began as a Demonspawn Fighter on Aug 29, 2022.
             Slain by an iguana (4 damage)
             ... on level 3 of the Dungeon.
             The game lasted 00:01:02 (2474 turns).

BritishOli the Trooper (Demonspawn Fighter)         Turns: 2474, Time: 00:01:03

Health: -2/29      AC:  7    Str: 18    XL:     3   Next: 85%
Magic:  3/3        EV:  9    Int:  9    God:
Gold:   147        SH:  4    Dex: 12    Spells: 2/2 levels left

rFire   . . .      SeeInvis .    a - +0 long sword
rCold   . . .      Faith    .    c - +0 buckler
rNeg    . . .      Spirit   .    b - +0 scale mail
rPois   .          Reflect  .    (helmet restricted)
rElec   .          Harm     .    (no cloak)
rCorr   .          Rampage  .    (no gloves)
Will    .....                    o - +0 pair of boots
Stlth   ..........               (no amulet)
HPRegen 0.09/turn                (no ring)
MPRegen 0.08/turn                (no ring)

@: no status effects
A: horns 1
a: no special abilities


You were on level 3 of the Dungeon.
You visited 1 branch of the dungeon, and saw 3 of its levels.

You collected 147 gold pieces.

Inventory:

Hand Weapons
 a - a +0 long sword (weapon)
Armour
 b - a +0 scale mail (worn)
 c - a +0 buckler (worn)
 o - a +0 pair of boots (worn)
Scrolls
 e - a scroll of blinking {unknown}
 g - 3 scrolls of identify {unknown}
 j - 3 scrolls of teleportation {unknown}
 l - a scroll of fog {unknown}
 n - 2 scrolls of enchant weapon {unknown}
 p - a scroll of amnesia {unknown}
Potions
 d - a potion of might
 f - a potion of curing {unknown}
 h - a potion of magic {unknown}
 i - 2 potions of heal wounds {unknown}
 k - a potion of haste {unknown}
 m - a potion of flight {unknown}


   Skills:
 + Level 3.5 Fighting
 + Level 2.4 Long Blades
 + Level 3.1 Armour
 + Level 3.2 Shields


You had 2 spell levels left.
You didn't know any spells.
Your spell library was empty.

Dungeon Overview and Level Annotations

Branches:
Dungeon (3/15)

Altars:


Innate Abilities, Weirdness & Mutations

You have a pair of small horns on your head.


Message History

A quokka is nearby!
You hit the quokka.
You kill the quokka!
Found a club.
A kobold comes into view. It is wielding a +0 short sword.
The kobold shouts!
The kobold throws a stone.
The stone hits you but does no damage.
An iguana comes into view.
The iguana hisses angrily.
The kobold throws a stone.
The stone barely misses you.
Found a scroll labelled BUOS RUCHO.
There are monsters nearby!
There are monsters nearby!
Found a scroll labelled WASURE DAISOCUI.
There are monsters nearby!
You hit the iguana. You headbutt the iguana.
The iguana is moderately wounded.
The iguana bites you! You block the kobold's attack.
The iguana barely misses you.
There are monsters nearby!
You hit the iguana but do no damage. Your headbutt misses the iguana.
The iguana is moderately wounded.
The kobold hits you but does no damage. The iguana bites you!
There are monsters nearby!
You are too injured to fight recklessly!
There are monsters nearby!
There are monsters nearby!
You are too injured to fight recklessly!
There are monsters nearby!
You are too injured to fight recklessly!
The kobold throws a stone.
The stone hits you but does no damage. The iguana attacks as you move away!
The iguana bites you!
* * * LOW HITPOINT WARNING * * *
You slash the iguana!
The iguana is severely wounded.
The iguana barely misses you.
You barely miss the iguana. You headbutt the iguana.
The iguana is almost dead.
The iguana bites you.
You die...

## #.. #... ######### ###
##...#####........ ..#
........##@##########.#####
?.......##l#..............
..........K.......)......
.#............#.####..#.#
#....####.#..#.####..#.###
.?....
###.#..#..รท...<....# #.##.
#......#.####..#.#.# # #.
#.#........##..#.#.. #..
#.#...##....#......#


You could see an iguana and a kobold.

Vanquished Creatures
  3 adders
  3 bats
  An endoplasm (D:1)
  A giant cockroach (D:1)
  3 goblins
  2 hobgoblins
  3 jackals (D:1)
  5 quokkas
  5 ball pythons
  A frilled lizard (D:2)
  3 kobolds
  A rat (D:1)
31 creatures vanquished.

Notes
Turn   | Place    | Note
-------+----------+-------------------------------------------
     0 | D:1      | BritishOli the Demonspawn Fighter began the quest for the
                  | Orb.
     0 | D:1      | Reached XP level 1. HP: 18/18 MP: 1/1
   468 | D:1      | Gained mutation: You have a pair of small horns on your
                  | head. [demonic ancestry]
   468 | D:1      | Reached XP level 2. HP: 20/24 MP: 2/2
   732 | D:1      | Found a faded altar of an unknown god.
  1630 | D:2      | Reached XP level 3. HP: 26/29 MP: 3/3
  2472 | D:3      | HP: 1/29 [iguana (10)]
  2474 | D:3      | Slain by an iguana

Illustrated notes

Levels and vault maps discovered:
D:1:      minmay_arrival_up_and_down, layout_loops_cross,
          ebering_ecumenical_altar_hall, serial_rivers,
          chequers_serial_rivers_large_b, chequers_serial_rivers_micro_d,
          chequers_serial_rivers_room_b, chequers_serial_rivers_marsh
D:2:      layout_loops_cross
D:3:      layout_loops_ring, minmay_misc_feat_x, st_stairs_7,
          patterned_corridor, uniq_terence

Skill      XL: |  1  2 |
---------------+-------+-----
Long Blades    | 2 |  2.4
Armour         | 3 |  3.1
Shields        | 3 |  3.2
Fighting       | |  3.5

Action                   || total
-------------------------++-------
Melee: Long sword        ||   119
       Headbutt          ||    12
Armor: Scale mail        ||    87
Dodge: Dodged            ||    51
Block: Buckler           ||    33

Table legend: (Time is in decaauts)
 A = Elapsed time spent in this place.
 B = Non-inter-level travel time spent in this place.
 C = Inter-level travel time spent in this place.
 D = Time resting spent in this place.
 E = Time spent auto-exploring this place.
 F = Levels seen in this place.
 G = Mean time per level.
                   A        B        C        D        E       F      G
               +--------+--------+--------+--------+--------+-----+--------+
         Total |   2564 |   2522 |     42 |    217 |   2021 |   3 |  854.7 |
       Dungeon |   2564 |   2522 |     42 |    217 |   2021 |   3 |  854.7 |
               +--------+--------+--------+--------+--------+-----+--------+

Top non-repeatable levels by time:
     D:1: 1380 daAuts
     D:2: 780 daAuts
     D:3: 403 daAuts
